Map: Orbital Shipyard

Players

MǂForGG

  • Race: Terran Terran
  • League: Grandmaster

relmer - Winner!

  • Race: Protoss Protoss
  • League: Grandmaster

VOD

Have the link to the VOD?

Description

Ripped from GGTracker

Time

  • Played on: Nov. 19, 2015, 5:53 a.m.
  • Length: 14:12
Show
View Real Time Build Order
Export as new Build Order

MǂForGG Terran 

Build Orders: Reaper Expand, MMM Bio 

Get SALT Encoding   

  12  0:01  SCV  
  13  0:13  SCV  
  14  0:17  Supply Depot  
  14  0:25  SCV  
  15  0:39  SCV  
  15  0:40  Barracks  
  16  0:43  Refinery  
  16  0:51  SCV  
  17  1:03  SCV  
  18  1:15  SCV  
  19  1:27  Orbital Command  
  19  1:28  Reaper  
  20  1:40  Command Center  
  20  1:50  Supply Depot  
  20  1:53  SCV  
  21  1:57  Refinery  
  21  2:01  Barracks Reactor  
  21  2:05  SCV  
  22  2:17  SCV  
  22  2:21  Factory  
  23  2:24  Barracks  
  23  2:35  SCV  
  23  2:38  Marine x2  
  25  2:47  SCV  
  26  2:54  Orbital Command  
  26  2:57  Marine  
  27  3:00  SCV, Marine  
  27  3:04  Widow Mine  
  31  3:11  Starport  
  31  3:13  Barracks Tech Lab  
  31  3:17  Marine  
  31  3:19  Marine  
  33  3:21  SCV  
  33  3:25  SCV  
  35  3:32  Stimpack  
  35  3:33  Widow Mine  
  37  3:39  Supply Depot  
  37  3:41  SCV x2  
  39  3:47  Medivac  
  41  3:50  Barracks  
  41  3:54  SCV x2  
  43  4:00  Refinery  
  43  4:02  Factory Reactor  
  43  4:06  SCV x2  
  45  4:11  Engineering Bay  
  45  4:17  Medivac  
  45  4:18  SCV x2  
  45  4:21  Marine x3  
  52  4:24  Supply Depot  
  52  4:30  SCV x2  
  54  4:33  Supply Depot  
  54  4:35  Supply Depot  
  54  4:41  Barracks Tech Lab  
  54  4:43  Terran Infantry Weapons Level 1  
  54  4:46  SCV x2  
  56  4:53  Marine x3  
  59  5:04  Missile Turret  
  59  5:06  Missile Turret  
  59  5:08  Marine  
  59  5:11  Marine x3  
  59  5:14  Medivac x2  
  61  5:20  Missile Turret  
  59  5:22  Orbital Command  
  59  5:30  Marine x4  
  60  5:44  Medivac x2  
  60  5:46  Orbital Command  
  60  5:48  Marine x4  
  66  5:57  SCV  
  66  6:06  Missile Turret, Marine x2  
  66  6:07  Marauder  
  70  6:16  Liberator  
  70  6:19  Liberator  
  70  6:24  Supply Depot  
  70  6:25  Marauder  
  70  6:33  SCV x2  
  77  6:46  Marauder x2  
  81  6:48  Marine x2  
  81  6:52  Combat Shields  
  83  6:59  Liberator  
  79  7:08  Marine x3  
  79  7:09  Marine  
  83  7:21  Liberator  
  86  7:27  Supply Depot  
  86  7:34  Marine  
  86  7:35  Marine  
  86  7:36  Marine x2  
  75  7:59  Liberator  
  62  8:08  Marauder  
  62  8:09  Marine x2, Marauder  
  67  8:20  Liberator  
  67  8:22  SCV x2  
  69  8:27  Marine x2  
  69  8:29  Marine x2  
  76  8:45  Marine x2  
  78  8:49  Marine  
  78  8:50  Marine  
  75  9:03  Marine x2  
  75  9:08  Marauder  
  77  9:10  Marauder  
  77  9:12  Concussive Shells  
  73  9:21  Marine x2  
  71  9:24  Liberator  
  71  9:29  Marauder  
  70  9:31  Marauder  
  65  9:39  Marine x2  
  65  9:44  SCV x2  
  67  9:50  Marauder  
  67  9:52  Marauder  
  70  9:56  Marine  
  70  9:57  Liberator  
  70  9:58  Marine  
  52  10:11  Marine  
  52  10:13  Marine  
  54  10:14  Marine  
  58  10:27  Marine  
  59  10:29  Marine  
  59  10:31  Marine  
  59  10:32  Marine  
  61  10:47  Marauder  
  61  10:49  Marauder  
  58  10:50  Marine x2  
  51  11:08  Marine x2  
  51  11:09  Marauder  
  51  11:11  Marauder  
  32  11:27  Marine x2  
  32  11:28  SCV x2  
  32  11:30  Marine  
  32  11:32  Marine  
  35  11:52  Marine x4  
  32  12:10  Marine x3  
  28  12:31  Orbital Command  
  25  12:48  Orbital Command  
  20  13:13  Orbital Command  
  12  13:38  Orbital Command  
Show
View Real Time Build Order
Export as new Build Order

relmer Protoss - Winner!

Build Orders: 1 Gate Expand, Dark Templar Rush 

Get SALT Encoding   

  12  0:01  Probe (Chrono Boost)  
  13  0:11  Probe (Chrono Boost)  
  14  0:16  Pylon  
  14  0:22  Probe (Chrono Boost)  
  15  0:35  Probe (Chrono Boost)  
  16  0:38  Gateway  
  16  0:44  Assimilator  
  16  0:49  Probe (Chrono Boost)  
  17  1:00  Probe (Chrono Boost)  
  17  1:02  Pylon  
  18  1:10  Probe (Chrono Boost)  
  19  1:21  Probe (Chrono Boost)  
  19  1:25  Cybernetics Core  
  20  1:32  Probe (Chrono Boost)  
  21  1:41  Nexus  
  21  1:46  Probe (Chrono Boost)  
  22  1:54  Assimilator  
  22  1:56  Probe (Chrono Boost)  
  23  2:02  Adept (Chrono Boost)  
  23  2:07  Mothership Core  
  27  2:15  Pylon  
  27  2:28  Probe (Chrono Boost)  
  27  2:41  Probe (Chrono Boost)  
  28  2:44  Twilight Council  
  29  2:51  Probe (Chrono Boost)  
  29  2:55  Warp Gate (Chrono Boost)  
  29  2:58  Robotics Facility  
  29  2:59  Probe (Chrono Boost)  
  29  3:02  Probe (Chrono Boost)  
  31  3:10  Probe (Chrono Boost)  
  31  3:12  Probe (Chrono Boost)  
  33  3:20  Probe (Chrono Boost)  
  33  3:23  Probe (Chrono Boost)  
  35  3:27  Dark Shrine  
  35  3:31  Gateway  
  35  3:33  Gateway  
  35  3:36  Probe (Chrono Boost)  
  35  3:40  Probe (Chrono Boost)  
  37  3:43  Warp Prism (Chrono Boost)  
  39  3:51  Pylon  
  39  3:52  Probe  
  39  3:55  Probe  
  41  4:04  Probe  
  41  4:06  Pylon  
  41  4:07  Probe  
  43  4:16  Probe, Pylon  
  44  4:19  Probe, Observer  
  46  4:24  Assimilator  
  46  4:28  Probe, Assimilator  
  47  4:31  Probe  
  47  4:38  Observer  
  48  4:40  Probe (Chrono Boost)  
  48  4:45  Probe (Chrono Boost)  
  51  4:51  Probe (Chrono Boost)  
  51  4:52  Gateway  
  52  4:55  Gateway  
  52  4:56  Observer  
  52  4:57  Dark Templar x2  
  52  4:58  Forge  
  56  5:08  Dark Templar  
  56  5:11  Probe (Chrono Boost)  
  59  5:16  Probe (Chrono Boost)  
  60  5:23  Probe (Chrono Boost)  
  61  5:30  Stalker x2  
  62  5:50  Pylon  
  62  5:51  Pylon  
  62  6:08  Probe x2  
  62  6:09  Photon Cannon  
  62  6:14  Stalker  
  62  6:17  Protoss Ground Armor Level 1  
  64  6:20  Probe x2  
  64  6:21  Pylon  
  64  6:23  Stalker  
  68  6:26  Immortal  
  68  6:32  Probe x2  
  74  6:39  Robotics Bay  
  74  6:41  Gateway  
  74  6:43  Gateway  
  74  6:44  Probe x2  
  76  6:51  Stalker x2  
  79  6:54  Blink (Chrono Boost)  
  73  7:07  Stalker x3  
  79  7:19  Photon Cannon  
  79  7:24  Disruptor (Chrono Boost)  
  79  7:26  Stalker x2  
  86  7:50  Stalker x3  
  86  7:56  Adept  
  86  8:00  Disruptor  
  81  8:09  Pylon  
  81  8:10  Pylon  
  81  8:12  Stalker x2, Photon Cannon x2  
  85  8:13  Pylon  
  85  8:15  Pylon  
  84  8:20  Gravitic Drive  
  84  8:21  Pylon  
  84  8:30  Stalker x3  
  90  8:35  Pylon  
  90  8:37  Stalker  
  88  8:53  Stalker x3  
  90  8:56  Disruptor  
  93  9:04  Zealot x2  
  95  9:10  Zealot x2  
  95  9:16  Pylon  
  97  9:27  Disruptor  
  93  9:33  Stalker x3  
  90  9:40  Stalker x2  
  90  9:45  Zealot  
  94  9:49  Zealot  
  90  10:02  Immortal  
  78  10:08  Stalker  
  78  10:09  Stalker x2  
  88  10:24  Stalker x3  
  94  10:37  Pylon  
  94  10:38  Pylon  
  94  10:40  Pylon  
  88  10:50  Stalker x3  
  88  10:54  Dark Templar  
  80  11:05  Dark Templar  
  72  11:16  Dark Templar  
  74  11:23  Pylon  
  74  11:24  Pylon  
  67  11:37  Stalker  
  67  11:38  Stalker x2  
  67  11:39  Zealot  
  75  11:40  Zealot x2  
  77  11:49  Dark Templar  
  75  11:57  Mothership Core  
  75  12:01  Dark Templar  
  75  12:05  Adept x2  
  75  12:06  Zealot  
  77  12:17  Dark Templar  
  79  12:34  Stalker  
  60  12:45  Pylon  
  60  12:56  Dark Templar  
  57  13:12  Dark Templar  
  57  13:35  Stalker x2  
  59  13:49  Dark Templar  
Tags
 
Add a new tag
Caveats
  • Supply blocks, unpowered buildings, or Contaminate may cause inaccurate times.
  • Supply counts are checked every 10 seconds.